[ AOE2 MATCH · #473131914 ]
UnrankedSlavs vs Malay
[ REPLAY ANALYSIS · EXTRACTED FROM THE RECORDED GAME ]
Feudal
15:22
Castle
20:24
Imperial
43:52
| APM avg | 36.3 |
| APM peak | 65 |
| eAPM avg | 22.6 |
| Villagers / military | 167 / 252 |
Focus
⚔️ 34.1% · 🌾 65.9%
Spearman ×181 · Knight ×48 · Battering Ram ×23
Feudal
15:42
Castle
18:06
Imperial
43:36
| APM avg | 52.6 |
| APM peak | 118 |
| eAPM avg | 30.3 |
| Villagers / military | 156 / 307 |
Focus
⚔️ 43.3% · 🌾 56.7%
Karambit Warrior ×213 · Archer ×61 · Battering Ram ×18 · Trebuchet (Packed) ×5 · Mangonel ×4 · Monk ×3
Feudal
15:00
Castle
18:55
Imperial
37:35
| APM avg | 44.2 |
| APM peak | 91 |
| eAPM avg | 23.8 |
| Villagers / military | 138 / 220 |
Focus
⚔️ 39.0% · 🌾 61.0%
Knight ×79 · Archer ×74 · Scout Cavalry ×64 · Trebuchet (Packed) ×3
Feudal
12:41
Castle
16:49
Imperial
39:52
| APM avg | 33.1 |
| APM peak | 84 |
| eAPM avg | 21.6 |
| Villagers / military | 192 / 227 |
Focus
⚔️ 35.0% · 🌾 65.0%
Konnik ×225 · Monk ×1 · Trebuchet (Packed) ×1
Feudal
15:07
Castle
19:27
Imperial
44:58
| APM avg | 69.4 |
| APM peak | 121 |
| eAPM avg | 36.9 |
| Villagers / military | 192 / 245 |
Focus
⚔️ 39.1% · 🌾 60.9%
Skirmisher ×129 · Samurai ×74 · Cavalry Archer ×27 · Mangonel ×9 · Trebuchet (Packed) ×3 · Archer ×2
Feudal
15:32
Castle
19:29
Imperial
39:06
| APM avg | 46.5 |
| APM peak | 162 |
| eAPM avg | 29.1 |
| Villagers / military | 240 / 212 |
Focus
⚔️ 37.8% · 🌾 62.2%
Archer ×200 · Spearman ×6 · Monk ×2 · Skirmisher ×2 · Trebuchet (Packed) ×2
Feudal
15:38
Castle
19:54
Imperial
37:18
| APM avg | 40.0 |
| APM peak | 90 |
| eAPM avg | 25.9 |
| Villagers / military | 182 / 257 |
Focus
⚔️ 43.3% · 🌾 56.7%
Spearman ×170 · Hussite Wagon ×66 · Bombard Cannon ×12 · Trebuchet (Packed) ×9
Feudal
16:42
Castle
20:38
Imperial
46:29
| APM avg | 44.5 |
| APM peak | 79 |
| eAPM avg | 29.5 |
| Villagers / military | 194 / 138 |
Focus
⚔️ 29.4% · 🌾 70.6%
Ghulam ×86 · Scout Cavalry ×20 · Hand Cannoneer ×19 · Armored Elephant ×6 · Camel Scout ×3 · Mangonel ×2
Match map
Initial resources + every placement click. Lines = walls · curves = elevation contours. ◆ gold · ⬟ stone · ● berries · ✦ relic · ◌ wall gap
Your base· Open — 8t gap
J_'s base· Open — unwalled flank
[ISI] Faisal's base· Open — unwalled flank
Oxygen's base· Open — unwalled flank
Yololo's base· Open — unwalled flank
Bro Creation's base· Open — 10t gap
Ice Man's base· Open — unwalled flank
ahmedalisahito688's base· ✓ Closed at 20:38 · 41t walls · no gate
Smoothed initial terrain · ◌ = detected wall gap · hover for details
Inputs per minute
— JuTT - - J_
Build order — JuTT
First 150 of 492 actions detected
| 0:39 | Build | Town Center |
| 2:30 | Build | House |
| 2:34 | Create | Villager (Male) |
| 2:34 | Create | Villager (Male) |
| 2:34 | Create | Villager (Male) |
| 2:35 | Create | Villager (Male) |
| 3:19 | Research | Loom |
| 3:19 | Create | Villager (Male) |
| 3:19 | Create | Villager (Male) |
| 3:56 | Create | Villager (Male) |
| 5:02 | Create | Villager (Male) |
| 5:05 | Build | House |
| 5:23 | Create | Villager (Male) |
| 5:23 | Create | Villager (Male) |
| 5:45 | Create | Villager (Male) |
| 6:18 | Create | Villager (Male) |
| 6:29 | Build | House |
| 6:30 | Create | Villager (Male) |
| 6:50 | Build | Mill |
| 6:57 | Create | Villager (Male) |
| 7:27 | Create | Villager (Male) |
| 7:45 | Create | Villager (Male) |
| 7:47 | Build | Farm |
| 8:06 | Build | Farm |
| 8:23 | Build | Farm |
| 8:25 | Create | Villager (Male) |
| 8:28 | Build | House |
| 8:59 | Build | Farm |
| 9:02 | Create | Villager (Male) |
| 9:11 | Create | Villager (Male) |
| 9:13 | Build | Farm |
| 9:22 | Build | House |
| 9:38 | Create | Villager (Male) |
| 9:40 | Build | Farm |
| 10:03 | Build | Farm |
| 10:16 | Create | Villager (Male) |
| 10:32 | Build | Farm |
| 10:33 | Create | Villager (Male) |
| 10:47 | Create | Villager (Male) |
| 10:51 | Build | Farm |
| 10:55 | Create | Villager (Male) |
| 11:23 | Build | House |
| 11:24 | Build | Palisade Wall |
| 11:27 | Create | Villager (Male) |
| 11:31 | Create | Villager (Male) |
| 11:59 | Build | Lumber Camp |
| 12:03 | Create | Villager (Male) |
| 12:26 | Create | Villager (Male) |
| 12:39 | Build | Palisade Wall |
| 12:44 | Build | House |
| 12:46 | Build | Palisade Wall |
| 13:09 | Research | Feudal Age |
| 13:17 | Build | Mining Camp |
| 13:33 | Build | Barracks |
| 14:10 | Build | Palisade Wall |
| 14:21 | Build | Farm |
| 14:22 | Build | Farm |
| 15:22 | Age | Feudal Age |
| 15:24 | Build | Blacksmith |
| 15:26 | Create | Villager (Male) |
| 15:27 | Create | Villager (Male) |
| 15:55 | Build | Stable |
| 16:00 | Build | Farm |
| 16:10 | Create | Villager (Male) |
| 16:11 | Create | Villager (Male) |
| 16:11 | Create | Villager (Male) |
| 16:40 | Build | Farm |
| 17:07 | Build | Farm |
| 17:11 | Build | Farm |
| 17:20 | Build | Farm |
| 17:44 | Research | Castle Age |
| 18:21 | Research | Double-Bit Axe |
| 18:39 | Research | Horse Collar |
| 19:09 | Research | Gold Mining |
| 19:31 | Build | Stable |
| 19:33 | Research | Bloodlines |
| 19:50 | Research | Scale Barding Armor |
| 20:24 | Age | Castle Age |
| 20:25 | Create | Knight |
| 20:25 | Create | Knight |
| 20:26 | Create | Knight |
| 20:26 | Create | Knight |
| 20:34 | Create | Villager (Male) |
| 20:36 | Build | Mill |
| 20:36 | Build | Farm |
| 20:39 | Create | Knight |
| 20:52 | Build | Farm |
| 20:55 | Create | Knight |
| 20:55 | Create | Knight |
| 21:09 | Create | Knight |
| 21:09 | Create | Knight |
| 21:14 | Build | Farm |
| 21:16 | Create | Villager (Male) |
| 21:30 | Build | Palisade Gate |
| 21:40 | Create | Knight |
| 21:40 | Create | Knight |
| 21:41 | Create | Villager (Male) |
| 21:59 | Create | Villager (Male) |
| 22:06 | Build | Siege Workshop |
| 22:12 | Create | Knight |
| 22:15 | Create | Villager (Male) |
| 22:31 | Create | Knight |
| 22:35 | Build | Farm |
| 22:37 | Create | Villager (Male) |
| 23:08 | Research | Bow Saw |
| 23:18 | Build | House |
| 23:19 | Build | House |
| 23:19 | Build | House |
| 23:20 | Build | House |
| 23:23 | Build | House |
| 23:23 | Build | House |
| 23:40 | Create | Villager (Male) |
| 23:40 | Create | Villager (Male) |
| 23:47 | Create | Battering Ram |
| 23:47 | Create | Battering Ram |
| 24:04 | Create | Battering Ram |
| 24:04 | Create | Battering Ram |
| 24:09 | Create | Knight ×3 |
| 24:16 | Research | Forging |
| 24:24 | Create | Knight ×2 |
| 24:24 | Create | Knight ×2 |
| 24:27 | Create | Villager (Male) |
| 24:39 | Create | Villager (Male) |
| 24:43 | Build | House |
| 24:43 | Build | House |
| 24:50 | Create | Battering Ram |
| 25:03 | Create | Villager (Male) |
| 25:16 | Create | Battering Ram |
| 25:23 | Research | Husbandry |
| 25:24 | Create | Villager (Male) |
| 25:30 | Create | Battering Ram |
| 25:41 | Create | Battering Ram |
| 25:47 | Create | Villager (Male) |
| 25:49 | Build | House |
| 26:25 | Research | Wheelbarrow |
| 26:27 | Create | Villager (Male) |
| 26:32 | Build | Town Center |
| 26:48 | Create | Battering Ram |
| 27:03 | Research | Chain Barding Armor |
| 27:07 | Build | Farm |
| 27:08 | Build | Farm |
| 27:08 | Build | Farm |
| 27:24 | Build | Lumber Camp |
| 27:37 | Create | Knight ×2 |
| 27:41 | Build | House |
| 27:42 | Build | House |
| 27:51 | Build | House |
| 27:58 | Create | Villager (Male) |
| 28:20 | Create | Villager (Male) |
| 28:21 | Create | Villager (Male) |
Build order — J_
First 150 of 576 actions detected
| 0:42 | Build | Town Center |
| 1:31 | Build | Palisade Wall |
| 1:34 | Build | Palisade Gate |
| 2:32 | Build | House |
| 2:37 | Create | Villager (Male) |
| 2:37 | Create | Villager (Male) |
| 2:37 | Create | Villager (Male) |
| 2:37 | Create | Villager (Male) |
| 4:04 | Create | Villager (Male) |
| 4:04 | Create | Villager (Male) |
| 4:22 | Build | House |
| 4:29 | Create | Villager (Male) |
| 4:54 | Create | Villager (Male) |
| 4:54 | Create | Villager (Male) |
| 5:02 | Build | House |
| 5:15 | Research | Loom |
| 5:40 | Create | Villager (Male) |
| 5:40 | Create | Villager (Male) |
| 5:41 | Create | Villager (Male) |
| 6:14 | Create | Villager (Male) |
| 6:14 | Create | Villager (Male) |
| 6:15 | Create | Villager (Male) |
| 7:22 | Build | Lumber Camp |
| 7:44 | Create | Villager (Male) |
| 7:44 | Create | Villager (Male) |
| 7:44 | Create | Villager (Male) |
| 7:45 | Create | Villager (Male) |
| 8:17 | Create | Villager (Male) |
| 8:24 | Build | House |
| 8:26 | Create | Villager (Male) |
| 8:26 | Create | Villager (Male) |
| 8:41 | Build | Mill |
| 9:00 | Create | Villager (Male) |
| 9:41 | Build | Farm |
| 9:44 | Create | Villager (Male) |
| 9:54 | Build | Farm |
| 10:08 | Create | Villager (Male) |
| 10:26 | Build | Mining Camp |
| 10:41 | Create | Villager (Male) |
| 11:06 | Create | Villager (Male) |
| 11:18 | Create | Villager (Male) |
| 11:27 | Build | House |
| 11:31 | Build | House |
| 11:32 | Build | House |
| 11:55 | Create | Villager (Male) |
| 12:59 | Create | Villager (Male) |
| 13:24 | Create | Villager (Male) |
| 13:37 | Create | Villager (Male) |
| 14:09 | Research | Feudal Age |
| 14:10 | Research | Feudal Age |
| 14:31 | Build | Mining Camp |
| 15:32 | Create | Villager (Male) |
| 15:42 | Age | Feudal Age |
| 15:47 | Build | Market |
| 15:49 | Build | Blacksmith |
| 16:04 | Research | Double-Bit Axe |
| 16:30 | Research | Castle Age |
| 16:30 | Research | Castle Age |
| 16:39 | Build | Farm |
| 16:42 | Build | Farm |
| 16:44 | Build | Farm |
| 16:48 | Build | Farm |
| 17:35 | Research | Horse Collar |
| 17:35 | Research | Horse Collar |
| 17:38 | Build | Farm |
| 17:40 | Build | Farm |
| 17:42 | Build | Farm |
| 17:57 | Build | Farm |
| 18:06 | Age | Castle Age |
| 18:08 | Create | Villager (Male) |
| 18:16 | Build | Castle |
| 18:31 | Create | Villager (Male) |
| 18:31 | Create | Villager (Male) |
| 18:45 | Build | Farm |
| 18:55 | Create | Villager (Male) |
| 19:01 | Build | Farm |
| 19:05 | Build | Farm |
| 19:09 | Build | Farm |
| 19:10 | Create | Villager (Male) |
| 19:22 | Build | Town Center |
| 19:26 | Create | Karambit Warrior |
| 19:27 | Create | Karambit Warrior ×4 |
| 19:27 | Create | Karambit Warrior ×3 |
| 19:30 | Create | Villager (Male) |
| 19:31 | Create | Villager (Male) |
| 19:46 | Create | Karambit Warrior |
| 19:51 | Create | Karambit Warrior |
| 19:58 | Create | Karambit Warrior |
| 19:58 | Create | Karambit Warrior |
| 20:06 | Build | Siege Workshop |
| 20:10 | Create | Karambit Warrior |
| 20:11 | Create | Karambit Warrior |
| 20:24 | Create | Karambit Warrior |
| 20:24 | Create | Karambit Warrior |
| 20:30 | Create | Karambit Warrior |
| 20:30 | Create | Karambit Warrior |
| 20:38 | Create | Karambit Warrior |
| 20:38 | Create | Karambit Warrior |
| 20:45 | Create | Karambit Warrior |
| 20:57 | Build | Barracks |
| 20:59 | Create | Karambit Warrior |
| 20:59 | Create | Karambit Warrior |
| 21:06 | Build | House |
| 21:31 | Create | Villager (Male) |
| 21:31 | Create | Villager (Male) |
| 21:39 | Build | Farm |
| 21:40 | Create | Battering Ram |
| 21:41 | Create | Battering Ram |
| 21:41 | Create | Battering Ram |
| 21:47 | Create | Villager (Male) |
| 21:51 | Build | Farm |
| 22:05 | Create | Villager (Male) |
| 22:16 | Create | Karambit Warrior |
| 22:16 | Create | Karambit Warrior |
| 22:24 | Build | Farm |
| 22:26 | Build | Farm |
| 22:37 | Create | Karambit Warrior |
| 22:37 | Create | Karambit Warrior |
| 22:37 | Create | Karambit Warrior |
| 22:43 | Create | Battering Ram |
| 22:43 | Create | Battering Ram |
| 22:48 | Build | Farm |
| 22:49 | Build | Farm |
| 22:54 | Create | Karambit Warrior |
| 22:55 | Create | Karambit Warrior |
| 23:02 | Build | House |
| 23:10 | Create | Karambit Warrior |
| 23:10 | Create | Karambit Warrior |
| 23:11 | Create | Villager (Male) |
| 23:20 | Create | Karambit Warrior |
| 23:20 | Create | Karambit Warrior |
| 23:40 | Research | Squires |
| 23:45 | Create | Karambit Warrior |
| 23:45 | Create | Karambit Warrior |
| 23:51 | Build | Farm |
| 23:54 | Build | Farm |
| 24:02 | Build | Farm |
| 24:04 | Build | Farm |
| 24:05 | Create | Karambit Warrior |
| 24:05 | Create | Karambit Warrior |
| 24:05 | Create | Karambit Warrior ×3 |
| 24:06 | Create | Karambit Warrior ×2 |
| 24:20 | Create | Battering Ram |
| 24:20 | Create | Battering Ram |
| 24:52 | Create | Battering Ram |
| 24:52 | Create | Battering Ram |
| 25:00 | Create | Karambit Warrior |
| 25:00 | Create | Karambit Warrior |
| 25:01 | Create | Karambit Warrior |
| 25:01 | Create | Karambit Warrior |
Build order — [ISI] Faisal
First 150 of 533 actions detected
| 0:15 | Build | Town Center |
| 2:23 | Build | House |
| 2:36 | Research | Loom |
| 3:56 | Create | Villager (Male) |
| 3:56 | Create | Villager (Male) |
| 3:56 | Create | Villager (Male) |
| 4:35 | Create | Villager (Male) |
| 4:36 | Create | Villager (Male) |
| 4:52 | Create | Villager (Male) |
| 4:53 | Create | Villager (Male) |
| 5:31 | Build | House |
| 5:33 | Create | Villager (Male) |
| 5:34 | Create | Villager (Male) |
| 5:34 | Create | Villager (Male) |
| 6:06 | Build | Lumber Camp |
| 6:10 | Create | Villager (Male) |
| 6:10 | Create | Villager (Male) |
| 6:49 | Create | Villager (Male) |
| 6:49 | Create | Villager (Male) |
| 7:10 | Create | Villager (Male) |
| 7:40 | Create | Villager (Male) |
| 8:01 | Build | Mill |
| 8:19 | Create | Villager (Male) |
| 8:26 | Create | Villager (Male) |
| 8:27 | Create | Villager (Male) |
| 8:40 | Create | Villager (Male) |
| 8:41 | Create | Villager (Male) |
| 8:48 | Build | House |
| 9:29 | Create | Villager (Male) |
| 10:05 | Create | Villager (Male) |
| 10:38 | Build | Farm |
| 10:40 | Build | Farm |
| 11:02 | Create | Villager (Male) |
| 11:08 | Create | Villager (Male) |
| 11:17 | Build | Farm |
| 11:32 | Create | Villager (Male) |
| 11:32 | Create | Villager (Male) |
| 12:30 | Build | Mining Camp |
| 12:43 | Research | Feudal Age |
| 12:58 | Build | Palisade Wall |
| 13:26 | Build | Palisade Wall |
| 13:30 | Create | Villager (Male) |
| 13:30 | Create | Villager (Male) |
| 13:46 | Build | Barracks |
| 15:00 | Age | Feudal Age |
| 15:05 | Build | Stable |
| 15:20 | Build | Blacksmith |
| 15:26 | Build | Palisade Wall |
| 15:39 | Create | Villager (Male) |
| 15:49 | Build | Farm |
| 15:56 | Build | Farm |
| 16:12 | Build | Farm |
| 16:14 | Research | Castle Age |
| 16:28 | Build | Farm |
| 16:30 | Build | Farm |
| 16:38 | Research | Double-Bit Axe |
| 16:51 | Build | Farm |
| 16:54 | Build | Farm |
| 17:16 | Create | Villager (Male) |
| 17:46 | Build | Farm |
| 17:49 | Build | Farm |
| 17:58 | Build | Farm |
| 18:01 | Build | Farm |
| 18:03 | Research | Bloodlines |
| 18:14 | Build | Farm |
| 18:48 | Research | Scale Barding Armor |
| 18:55 | Age | Castle Age |
| 18:58 | Create | Knight |
| 18:58 | Create | Knight |
| 19:10 | Build | Town Center |
| 19:14 | Create | Villager (Male) |
| 19:28 | Create | Knight |
| 19:39 | Create | Villager (Male) |
| 19:46 | Build | Farm |
| 19:49 | Create | Knight |
| 19:57 | Create | Villager (Male) |
| 19:57 | Create | Villager (Male) |
| 20:14 | Build | Farm |
| 20:16 | Create | Villager (Male) |
| 20:16 | Create | Villager (Male) |
| 20:22 | Build | Farm |
| 20:25 | Build | Farm |
| 20:27 | Create | Villager (Male) |
| 20:35 | Create | Knight |
| 20:52 | Create | Villager (Male) |
| 20:58 | Create | Villager (Male) |
| 21:01 | Build | Farm |
| 21:19 | Create | Villager (Male) |
| 21:23 | Build | Farm |
| 21:28 | Create | Knight |
| 21:28 | Create | Knight |
| 21:33 | Build | Farm |
| 21:35 | Create | Villager (Male) |
| 21:48 | Create | Knight |
| 22:29 | Create | Knight |
| 22:40 | Research | Forging |
| 22:42 | Create | Villager (Male) |
| 22:42 | Create | Villager (Male) |
| 22:45 | Build | Farm |
| 22:46 | Build | Farm |
| 22:52 | Research | Husbandry |
| 23:03 | Create | Knight |
| 23:03 | Create | Knight |
| 23:12 | Create | Villager (Male) |
| 23:12 | Create | Villager (Male) |
| 23:17 | Create | Villager (Male) |
| 23:17 | Create | Villager (Male) |
| 23:20 | Build | Mining Camp |
| 23:35 | Create | Knight |
| 23:35 | Create | Knight |
| 23:39 | Build | Farm |
| 24:13 | Create | Villager (Male) |
| 24:13 | Create | Villager (Male) |
| 24:16 | Build | Lumber Camp |
| 24:48 | Create | Knight |
| 24:49 | Create | Knight |
| 24:49 | Create | Knight |
| 24:59 | Create | Villager (Male) |
| 24:59 | Create | Villager (Male) |
| 25:05 | Build | House |
| 25:10 | Create | Villager (Male) |
| 25:10 | Create | Villager (Male) |
| 25:27 | Create | Villager (Male) |
| 25:27 | Create | Villager (Male) |
| 25:31 | Build | House |
| 25:39 | Create | Knight |
| 26:03 | Build | House |
| 26:05 | Build | Mining Camp |
| 26:06 | Create | Villager (Male) |
| 26:06 | Create | Villager (Male) |
| 26:08 | Create | Villager (Male) |
| 26:34 | Research | Chain Barding Armor |
| 26:46 | Create | Villager (Male) |
| 26:46 | Create | Villager (Male) |
| 26:52 | Create | Villager (Male) |
| 26:52 | Create | Villager (Male) |
| 27:11 | Build | Stone Wall |
| 27:22 | Create | Villager (Male) |
| 27:26 | Build | Town Center |
| 27:34 | Create | Villager (Male) |
| 27:35 | Create | Villager (Male) |
| 27:52 | Research | Iron Casting |
| 27:55 | Create | Villager (Male) |
| 27:55 | Create | Villager (Male) |
| 28:03 | Build | House |
| 28:04 | Build | House |
| 28:26 | Create | Knight |
| 28:26 | Create | Knight |
| 28:28 | Create | Villager (Male) |
| 28:28 | Create | Villager (Male) |
Build order — Oxygen
First 150 of 469 actions detected
| 0:41 | Build | Town Center |
| 2:12 | Build | House |
| 2:49 | Create | Villager (Male) ×4 |
| 2:50 | Create | Villager (Male) ×4 |
| 3:16 | Build | House |
| 3:30 | Build | House |
| 4:02 | Create | Villager (Male) |
| 4:22 | Build | House |
| 4:33 | Build | House |
| 4:38 | Create | Villager (Male) |
| 4:38 | Create | Villager (Male) |
| 4:58 | Build | House |
| 5:13 | Build | House |
| 5:18 | Create | Villager (Male) |
| 5:44 | Build | House |
| 5:50 | Build | House |
| 5:56 | Create | Villager (Male) |
| 5:56 | Create | Villager (Male) |
| 5:56 | Create | Villager (Male) |
| 5:57 | Create | Villager (Male) |
| 6:27 | Build | House |
| 6:34 | Create | Villager (Male) |
| 6:34 | Create | Villager (Male) |
| 6:39 | Build | House |
| 6:51 | Create | Villager (Male) |
| 7:29 | Create | Villager (Male) ×3 |
| 7:29 | Create | Villager (Male) ×3 |
| 7:47 | Create | Villager (Male) |
| 7:47 | Create | Villager (Male) ×2 |
| 7:56 | Build | House |
| 8:13 | Build | House |
| 8:30 | Create | Villager (Male) ×2 |
| 8:30 | Create | Villager (Male) ×2 |
| 8:37 | Build | Lumber Camp |
| 9:48 | Build | Mill |
| 10:26 | Research | Feudal Age |
| 11:07 | Build | Mill |
| 12:22 | Create | Villager (Male) |
| 12:41 | Age | Feudal Age |
| 12:44 | Build | Market |
| 12:54 | Build | Blacksmith |
| 13:02 | Create | Villager (Male) |
| 13:29 | Create | Villager (Male) |
| 14:09 | Research | Castle Age |
| 14:09 | Research | Castle Age |
| 14:30 | Research | Double-Bit Axe |
| 14:30 | Research | Double-Bit Axe |
| 14:59 | Research | Loom |
| 15:08 | Research | Horse Collar |
| 15:08 | Research | Horse Collar |
| 15:25 | Build | House |
| 15:27 | Build | House |
| 16:38 | Build | Farm |
| 16:38 | Build | Farm |
| 16:38 | Build | Farm |
| 16:49 | Age | Castle Age |
| 16:54 | Create | Villager (Male) |
| 16:57 | Build | Town Center |
| 17:03 | Build | Town Center |
| 17:07 | Build | House |
| 17:11 | Build | House |
| 17:14 | Build | House |
| 17:25 | Create | Villager (Male) |
| 17:26 | Create | Villager (Male) |
| 17:53 | Build | Town Center |
| 18:17 | Research | Bow Saw |
| 18:33 | Create | Villager (Male) |
| 18:36 | Build | Farm |
| 18:47 | Create | Villager (Male) ×2 |
| 18:48 | Create | Villager (Male) ×2 |
| 18:52 | Build | Farm |
| 19:03 | Create | Villager (Male) |
| 19:10 | Build | Farm |
| 19:11 | Create | Villager (Male) |
| 19:24 | Build | Farm |
| 19:25 | Create | Villager (Male) |
| 19:25 | Create | Villager (Male) |
| 19:34 | Build | House |
| 19:37 | Create | Villager (Male) |
| 19:37 | Create | Villager (Male) |
| 19:44 | Create | Villager (Male) |
| 19:44 | Create | Villager (Male) |
| 19:47 | Create | Villager (Male) |
| 19:48 | Create | Villager (Male) |
| 19:51 | Build | Farm |
| 19:57 | Build | Farm |
| 19:58 | Create | Villager (Male) |
| 20:10 | Build | Farm |
| 20:11 | Create | Villager (Male) |
| 20:11 | Create | Villager (Male) |
| 20:17 | Create | Villager (Male) |
| 20:20 | Build | Farm |
| 20:35 | Build | Farm |
| 20:39 | Build | Farm |
| 20:40 | Create | Villager (Male) |
| 20:40 | Create | Villager (Male) |
| 20:42 | Create | Villager (Male) |
| 20:44 | Build | Farm |
| 20:48 | Create | Villager (Male) |
| 21:02 | Build | Farm |
| 21:05 | Build | Lumber Camp |
| 21:12 | Create | Villager (Male) ×2 |
| 21:15 | Build | Farm |
| 21:17 | Create | Villager (Male) |
| 21:22 | Build | Farm |
| 21:35 | Create | Villager (Male) |
| 21:35 | Create | Villager (Male) |
| 21:43 | Create | Villager (Male) |
| 21:51 | Create | Villager (Male) |
| 21:51 | Create | Villager (Male) |
| 22:00 | Build | Farm |
| 22:02 | Build | Farm |
| 22:06 | Build | Farm |
| 22:09 | Create | Villager (Male) |
| 22:11 | Build | Farm |
| 22:19 | Create | Villager (Male) |
| 22:29 | Build | Barracks |
| 22:31 | Create | Villager (Male) |
| 22:31 | Create | Villager (Male) |
| 22:48 | Create | Villager (Male) ×2 |
| 22:49 | Create | Villager (Male) |
| 22:49 | Create | Villager (Male) |
| 22:49 | Create | Villager (Male) |
| 22:51 | Create | Villager (Male) |
| 22:51 | Create | Villager (Male) |
| 22:58 | Build | Farm |
| 23:02 | Create | Villager (Male) |
| 23:14 | Build | Krepost |
| 23:21 | Build | Lumber Camp |
| 23:22 | Create | Villager (Male) |
| 23:22 | Create | Villager (Male) |
| 23:34 | Build | Town Center |
| 23:35 | Create | Villager (Male) ×3 |
| 23:35 | Create | Villager (Male) ×3 |
| 23:45 | Create | Villager (Male) |
| 23:50 | Build | House |
| 23:51 | Build | House |
| 23:54 | Build | Farm |
| 23:55 | Build | Farm |
| 24:06 | Create | Villager (Male) |
| 24:10 | Build | Mining Camp |
| 24:15 | Build | Farm |
| 24:26 | Create | Villager (Male) |
| 24:26 | Create | Villager (Male) |
| 24:41 | Create | Villager (Male) |
| 24:41 | Create | Villager (Male) |
| 24:59 | Research | Fletching |
| 24:59 | Research | Fletching |
| 25:17 | Build | Farm |
| 25:21 | Create | Villager (Male) |
Build order — Yololo
First 150 of 622 actions detected
| 1:07 | Build | Town Center |
| 3:29 | Build | House |
| 3:37 | Create | Villager (Male) |
| 3:37 | Create | Villager (Male) |
| 3:38 | Create | Villager (Male) |
| 3:41 | Create | Villager (Male) |
| 4:45 | Create | Villager (Male) |
| 5:13 | Create | Villager (Male) |
| 5:13 | Create | Villager (Male) |
| 5:49 | Build | House |
| 5:53 | Create | Villager (Male) |
| 5:53 | Create | Villager (Male) |
| 6:03 | Create | Villager (Male) |
| 6:15 | Build | House |
| 6:45 | Create | Villager (Male) |
| 6:49 | Build | House |
| 7:00 | Create | Villager (Male) |
| 7:42 | Create | Villager (Male) |
| 8:07 | Create | Villager (Male) |
| 8:39 | Create | Villager (Male) |
| 8:56 | Create | Villager (Male) |
| 9:09 | Create | Villager (Male) |
| 9:21 | Create | Villager (Male) |
| 9:55 | Create | Villager (Male) |
| 10:07 | Build | Mill |
| 10:13 | Create | Villager (Male) |
| 10:35 | Create | Villager (Male) |
| 10:42 | Build | Mill |
| 10:46 | Create | Villager (Male) |
| 10:57 | Build | Palisade Wall |
| 11:05 | Create | Villager (Male) |
| 11:19 | Build | House |
| 11:23 | Build | Palisade Wall |
| 11:28 | Create | Villager (Male) |
| 11:37 | Create | Villager (Male) |
| 11:39 | Build | Mining Camp |
| 12:12 | Build | Farm |
| 12:16 | Create | Villager (Male) |
| 12:47 | Create | Villager (Male) |
| 12:48 | Research | Feudal Age |
| 13:00 | Build | House |
| 13:04 | Build | House |
| 13:37 | Build | Barracks |
| 13:49 | Create | Villager (Male) |
| 14:21 | Build | Mill |
| 15:07 | Age | Feudal Age |
| 15:08 | Create | Villager (Male) |
| 15:15 | Build | Archery Range |
| 15:23 | Create | Villager (Male) |
| 15:37 | Create | Villager (Male) |
| 15:43 | Build | Blacksmith |
| 16:09 | Research | Loom |
| 16:19 | Build | House |
| 16:20 | Build | House |
| 16:23 | Build | Palisade Wall |
| 16:31 | Research | Castle Age |
| 16:37 | Build | Lumber Camp |
| 16:59 | Build | Palisade Wall |
| 17:00 | Build | Palisade Wall |
| 17:51 | Research | Double-Bit Axe |
| 17:51 | Research | Horse Collar |
| 17:51 | Research | Horse Collar |
| 17:55 | Build | Farm |
| 17:57 | Build | Farm |
| 17:59 | Build | Farm |
| 18:01 | Build | Farm |
| 18:16 | Build | Archery Range |
| 18:26 | Create | Skirmisher |
| 18:36 | Build | Farm |
| 19:05 | Build | Palisade Wall |
| 19:27 | Age | Castle Age |
| 19:29 | Create | Cavalry Archer |
| 19:29 | Create | Cavalry Archer |
| 19:33 | Create | Villager (Male) |
| 19:38 | Research | Fletching |
| 19:38 | Research | Fletching |
| 19:40 | Create | Villager (Male) |
| 19:50 | Create | Villager (Male) |
| 19:53 | Build | Farm |
| 19:55 | Build | Farm |
| 19:56 | Create | Villager (Male) |
| 20:13 | Create | Villager (Male) |
| 20:16 | Build | Farm |
| 20:25 | Create | Cavalry Archer |
| 20:26 | Create | Cavalry Archer |
| 20:35 | Create | Villager (Male) |
| 20:48 | Create | Villager (Male) |
| 21:00 | Create | Cavalry Archer |
| 21:01 | Create | Cavalry Archer |
| 21:01 | Create | Cavalry Archer |
| 21:06 | Create | Villager (Male) |
| 21:06 | Create | Villager (Male) |
| 21:19 | Create | Villager (Male) |
| 21:30 | Build | Archery Range |
| 21:38 | Create | Cavalry Archer |
| 21:38 | Create | Cavalry Archer |
| 21:42 | Create | Villager (Male) |
| 21:52 | Research | Bodkin Arrow |
| 21:52 | Research | Bodkin Arrow |
| 21:52 | Research | Bodkin Arrow |
| 21:52 | Create | Villager (Male) |
| 21:53 | Create | Villager (Male) |
| 22:02 | Create | Villager (Male) |
| 22:05 | Build | Market |
| 22:22 | Create | Cavalry Archer |
| 22:23 | Create | Cavalry Archer |
| 22:29 | Create | Archer |
| 22:34 | Create | Villager (Male) |
| 22:37 | Build | Mining Camp |
| 22:37 | Create | Villager (Male) |
| 22:43 | Create | Cavalry Archer |
| 22:44 | Create | Cavalry Archer |
| 22:50 | Build | Palisade Gate |
| 22:50 | Create | Villager (Male) |
| 22:58 | Create | Villager (Male) |
| 23:00 | Create | Cavalry Archer |
| 23:00 | Create | Cavalry Archer |
| 23:00 | Create | Cavalry Archer |
| 23:08 | Create | Villager (Male) |
| 23:14 | Build | Siege Workshop |
| 23:15 | Create | Villager (Male) |
| 23:21 | Create | Cavalry Archer |
| 23:21 | Create | Cavalry Archer |
| 23:28 | Research | Padded Archer Armor |
| 23:28 | Research | Padded Archer Armor |
| 23:31 | Build | Farm |
| 23:35 | Create | Villager (Male) |
| 23:41 | Create | Cavalry Archer |
| 23:41 | Create | Cavalry Archer |
| 23:42 | Create | Cavalry Archer |
| 23:46 | Research | Bow Saw |
| 23:47 | Research | Bow Saw |
| 23:51 | Build | Farm |
| 23:58 | Create | Cavalry Archer |
| 23:58 | Create | Cavalry Archer |
| 24:03 | Create | Mangonel |
| 24:03 | Create | Mangonel |
| 24:03 | Create | Mangonel |
| 24:04 | Create | Villager (Male) |
| 24:04 | Create | Villager (Male) |
| 24:32 | Create | Villager (Male) |
| 24:54 | Build | Gate |
| 25:07 | Create | Cavalry Archer |
| 25:07 | Create | Cavalry Archer |
| 25:08 | Create | Cavalry Archer |
| 25:08 | Create | Cavalry Archer |
| 25:11 | Create | Villager (Male) |
| 25:57 | Create | Mangonel |
| 25:57 | Create | Mangonel |
| 26:43 | Create | Trade Cart |
Build order — Bro Creation
First 150 of 652 actions detected
| 0:43 | Build | Town Center |
| 2:40 | Create | Villager (Male) ×4 |
| 2:40 | Create | Villager (Male) ×4 |
| 3:10 | Build | House |
| 3:15 | Build | House |
| 3:22 | Research | Loom |
| 3:38 | Create | Villager (Male) |
| 3:38 | Create | Villager (Male) |
| 3:39 | Create | Villager (Male) |
| 3:39 | Create | Villager (Male) |
| 4:13 | Create | Villager (Male) |
| 4:13 | Create | Villager (Male) |
| 4:56 | Create | Villager (Male) |
| 4:57 | Create | Villager (Male) |
| 5:06 | Build | House |
| 5:19 | Create | Villager (Male) |
| 5:55 | Create | Villager (Male) |
| 6:07 | Build | Lumber Camp |
| 6:28 | Create | Villager (Male) |
| 6:29 | Create | Villager (Male) |
| 6:46 | Create | Villager (Male) |
| 6:59 | Build | House |
| 7:09 | Create | Villager (Male) |
| 7:09 | Create | Villager (Male) |
| 7:11 | Build | House |
| 7:13 | Build | House |
| 7:43 | Create | Villager (Male) |
| 7:53 | Create | Villager (Male) |
| 7:53 | Create | Villager (Male) |
| 7:53 | Create | Villager (Male) |
| 7:54 | Create | Villager (Male) |
| 9:01 | Build | House |
| 9:10 | Create | Villager (Male) |
| 9:13 | Build | Mill |
| 9:23 | Build | Palisade Wall |
| 9:23 | Build | Palisade Wall |
| 9:41 | Create | Villager (Male) |
| 10:01 | Build | Farm |
| 10:02 | Build | Farm |
| 10:10 | Create | Villager (Male) |
| 10:10 | Create | Villager (Male) |
| 10:10 | Create | Villager (Male) |
| 10:10 | Create | Villager (Male) |
| 10:24 | Build | Farm |
| 10:29 | Build | Farm |
| 10:46 | Build | House |
| 10:56 | Create | Villager (Male) |
| 10:57 | Create | Villager (Male) |
| 11:22 | Build | Farm |
| 11:28 | Create | Villager (Male) |
| 11:28 | Create | Villager (Male) |
| 11:46 | Create | Villager (Male) |
| 11:51 | Build | Farm |
| 11:59 | Build | Farm |
| 12:08 | Create | Villager (Male) |
| 12:32 | Create | Villager (Male) |
| 13:22 | Research | Feudal Age |
| 13:23 | Research | Feudal Age |
| 13:23 | Research | Feudal Age |
| 13:45 | Build | Barracks |
| 14:42 | Build | House |
| 14:43 | Build | House |
| 14:47 | Build | Mining Camp |
| 14:55 | Build | House |
| 15:06 | Create | Villager (Male) |
| 15:32 | Age | Feudal Age |
| 15:35 | Build | Archery Range |
| 15:55 | Create | Villager (Male) |
| 16:09 | Build | Blacksmith |
| 16:17 | Create | Villager (Male) |
| 16:31 | Create | Archer |
| 16:36 | Build | House |
| 16:37 | Build | Palisade Wall |
| 16:41 | Build | Palisade Wall |
| 16:49 | Research | Castle Age |
| 16:49 | Research | Castle Age |
| 17:22 | Build | Archery Range |
| 17:24 | Create | Archer |
| 17:25 | Create | Archer |
| 17:31 | Build | House |
| 17:32 | Build | Palisade Wall |
| 17:43 | Build | Palisade Wall |
| 17:52 | Build | Palisade Wall |
| 17:54 | Build | Palisade Wall |
| 18:00 | Create | Archer |
| 18:00 | Create | Archer |
| 18:06 | Build | House |
| 18:10 | Build | Palisade Gate |
| 18:35 | Create | Archer |
| 18:43 | Research | Horse Collar |
| 18:43 | Research | Horse Collar |
| 18:57 | Create | Archer |
| 18:58 | Research | Fletching |
| 18:59 | Research | Fletching |
| 19:14 | Build | House |
| 19:29 | Age | Castle Age |
| 19:32 | Build | Monastery |
| 19:32 | Research | Crossbowman (upgrade) |
| 19:35 | Create | Villager (Male) |
| 19:43 | Create | Archer |
| 19:43 | Create | Archer |
| 19:52 | Create | Villager (Male) |
| 19:58 | Create | Spearman |
| 20:07 | Build | Farm |
| 20:27 | Build | Palisade Gate |
| 20:28 | Build | Palisade Wall |
| 20:32 | Create | Archer |
| 20:32 | Create | Archer |
| 20:32 | Create | Archer |
| 20:35 | Create | Villager (Male) |
| 20:35 | Create | Villager (Male) |
| 20:35 | Create | Villager (Male) |
| 20:47 | Create | Villager (Male) |
| 20:51 | Create | Archer |
| 20:51 | Create | Archer |
| 21:12 | Create | Villager (Male) |
| 21:14 | Build | Farm |
| 21:17 | Build | Farm |
| 21:29 | Create | Archer |
| 21:33 | Create | Monk |
| 21:43 | Create | Villager (Male) |
| 21:47 | Build | Farm |
| 22:19 | Create | Archer |
| 22:20 | Create | Archer |
| 22:24 | Create | Villager (Male) |
| 22:24 | Create | Villager (Male) |
| 22:26 | Build | Farm |
| 22:43 | Create | Archer |
| 22:43 | Create | Archer |
| 22:43 | Create | Archer |
| 22:51 | Create | Villager (Male) |
| 22:53 | Build | Farm |
| 23:12 | Create | Archer |
| 23:12 | Create | Archer |
| 23:13 | Create | Archer |
| 23:20 | Create | Villager (Male) |
| 23:25 | Build | House |
| 23:36 | Create | Villager (Male) |
| 23:41 | Create | Archer |
| 23:42 | Create | Archer |
| 24:02 | Create | Villager (Male) |
| 24:07 | Build | Town Center |
| 24:26 | Research | Wheelbarrow |
| 24:30 | Create | Archer |
| 24:46 | Create | Villager (Male) |
| 25:00 | Create | Archer |
| 25:00 | Create | Archer |
| 25:29 | Build | Farm |
| 25:30 | Build | Farm |
| 25:32 | Build | Farm |
Build order — Ice Man
First 150 of 627 actions detected
| 0:14 | Build | House |
| 0:26 | Build | Town Center |
| 3:00 | Create | Villager (Male) |
| 3:00 | Create | Villager (Male) |
| 3:01 | Create | Villager (Male) |
| 3:02 | Create | Villager (Male) |
| 3:02 | Create | Villager (Male) |
| 4:06 | Create | Villager (Male) |
| 4:17 | Build | Palisade Wall |
| 4:20 | Build | Palisade Wall |
| 4:28 | Build | Palisade Wall |
| 4:32 | Build | Palisade Wall |
| 4:36 | Build | Palisade Wall |
| 4:44 | Build | Palisade Wall |
| 4:46 | Build | Palisade Wall |
| 4:49 | Build | Palisade Wall |
| 4:59 | Build | Palisade Wall |
| 5:08 | Create | Villager (Male) |
| 5:11 | Create | Villager (Male) |
| 5:15 | Build | House |
| 5:53 | Build | House |
| 5:58 | Create | Villager (Male) |
| 6:30 | Create | Villager (Male) |
| 6:33 | Build | House |
| 6:47 | Build | House |
| 7:09 | Build | Palisade Gate |
| 7:13 | Create | Villager (Male) |
| 7:13 | Create | Villager (Male) |
| 7:13 | Create | Villager (Male) |
| 7:43 | Create | Villager (Male) |
| 7:43 | Create | Villager (Male) |
| 7:48 | Build | Lumber Camp |
| 7:58 | Create | Villager (Male) |
| 8:09 | Create | Villager (Male) |
| 8:44 | Create | Villager (Male) |
| 8:51 | Create | Villager (Male) |
| 8:51 | Create | Villager (Male) |
| 9:21 | Create | Villager (Male) |
| 9:22 | Create | Villager (Male) |
| 9:29 | Create | Villager (Male) |
| 9:29 | Create | Villager (Male) |
| 9:48 | Create | Villager (Male) |
| 10:07 | Build | House |
| 10:33 | Build | House |
| 10:40 | Create | Villager (Male) |
| 10:40 | Create | Villager (Male) |
| 10:45 | Research | Loom |
| 10:54 | Build | House |
| 11:02 | Create | Villager (Male) |
| 11:02 | Create | Villager (Male) |
| 11:04 | Build | House |
| 11:14 | Create | Villager (Male) |
| 11:15 | Create | Villager (Male) |
| 11:27 | Build | House |
| 12:08 | Build | House |
| 12:08 | Build | House |
| 12:16 | Create | Villager (Male) |
| 12:17 | Create | Villager (Male) |
| 12:21 | Build | Mill |
| 12:51 | Build | House |
| 12:51 | Build | House |
| 13:13 | Research | Feudal Age |
| 13:14 | Research | Feudal Age |
| 13:41 | Build | Mining Camp |
| 14:54 | Create | Villager (Male) |
| 14:55 | Create | Villager (Male) |
| 15:38 | Age | Feudal Age |
| 15:43 | Build | Market |
| 15:47 | Build | Blacksmith |
| 16:24 | Create | Villager (Male) |
| 16:29 | Build | House |
| 17:07 | Build | Palisade Wall |
| 17:14 | Research | Castle Age |
| 17:14 | Research | Castle Age |
| 17:24 | Build | Stone Wall |
| 17:33 | Build | Stone Wall |
| 17:45 | Build | Farm |
| 18:05 | Build | Stone Wall |
| 18:07 | Build | Stone Wall |
| 18:18 | Build | Outpost |
| 18:46 | Research | Town Watch |
| 18:59 | Build | House |
| 19:01 | Build | House |
| 19:23 | Build | Farm |
| 19:25 | Build | Farm |
| 19:37 | Create | Villager (Male) |
| 19:43 | Research | Double-Bit Axe |
| 19:43 | Research | Double-Bit Axe |
| 19:52 | Build | House |
| 19:54 | Age | Castle Age |
| 19:58 | Build | Castle |
| 20:11 | Build | Farm |
| 20:22 | Create | Villager (Male) |
| 20:24 | Build | House |
| 20:50 | Research | Town Watch |
| 20:50 | Research | Town Watch |
| 20:52 | Create | Villager (Male) |
| 21:21 | Create | Villager (Male) |
| 21:39 | Build | Town Center |
| 21:47 | Build | Farm |
| 21:56 | Create | Villager (Male) |
| 22:09 | Create | Hussite Wagon |
| 22:45 | Build | Farm |
| 22:47 | Build | Farm |
| 22:58 | Build | Palisade Wall |
| 22:59 | Build | Palisade Wall |
| 23:00 | Build | Palisade Wall |
| 23:02 | Build | Palisade Wall |
| 23:07 | Create | Villager (Male) |
| 23:17 | Build | Farm |
| 23:20 | Create | Villager (Male) |
| 23:21 | Create | Villager (Male) |
| 23:34 | Build | Farm |
| 23:46 | Build | Farm |
| 23:48 | Create | Villager (Male) |
| 23:48 | Create | Villager (Male) |
| 23:52 | Create | Villager (Male) |
| 23:52 | Create | Villager (Male) ×2 |
| 23:52 | Create | Villager (Male) ×2 |
| 23:57 | Build | Farm |
| 24:07 | Create | Villager (Male) |
| 24:07 | Create | Villager (Male) |
| 24:18 | Research | Horse Collar |
| 24:37 | Create | Villager (Male) |
| 24:37 | Create | Villager (Male) |
| 24:41 | Create | Villager (Male) |
| 24:41 | Create | Villager (Male) |
| 25:00 | Create | Villager (Male) |
| 25:00 | Create | Villager (Male) |
| 25:05 | Create | Villager (Male) |
| 25:05 | Create | Villager (Male) |
| 25:16 | Create | Villager (Male) |
| 25:16 | Create | Villager (Male) |
| 25:17 | Create | Villager (Male) |
| 25:28 | Build | Town Center |
| 25:29 | Create | Villager (Male) |
| 25:32 | Create | Villager (Male) |
| 25:32 | Create | Villager (Male) |
| 25:51 | Create | Villager (Male) |
| 25:51 | Create | Villager (Male) |
| 26:08 | Build | Farm |
| 26:08 | Create | Villager (Male) |
| 26:08 | Create | Villager (Male) |
| 26:10 | Build | Farm |
| 26:10 | Create | Villager (Male) |
| 26:21 | Create | Villager (Male) |
| 26:21 | Create | Villager (Male) |
| 26:37 | Build | Farm |
| 26:49 | Create | Villager (Male) |
| 26:51 | Build | Farm |
Build order — ahmedalisahito688
First 150 of 627 actions detected
| 0:11 | Build | Town Center |
| 1:43 | Build | Palisade Wall |
| 1:47 | Build | Palisade Wall |
| 1:49 | Build | Palisade Wall |
| 1:50 | Build | Palisade Wall |
| 2:46 | Build | House |
| 2:51 | Create | Villager (Male) |
| 2:51 | Create | Villager (Male) |
| 2:51 | Create | Villager (Male) |
| 2:52 | Create | Villager (Male) |
| 4:23 | Create | Villager (Male) |
| 4:23 | Create | Villager (Male) |
| 4:39 | Create | Villager (Male) |
| 4:40 | Create | Villager (Male) |
| 4:59 | Create | Villager (Male) |
| 4:59 | Create | Villager (Male) |
| 5:35 | Create | Villager (Male) |
| 5:36 | Create | Villager (Male) |
| 5:46 | Research | Loom |
| 5:46 | Create | Villager (Male) |
| 5:46 | Create | Villager (Male) |
| 6:08 | Create | Villager (Male) |
| 6:09 | Create | Villager (Male) |
| 6:20 | Build | House |
| 6:54 | Build | House |
| 7:51 | Build | Palisade Wall |
| 7:53 | Create | Villager (Male) |
| 8:11 | Build | Mill |
| 8:21 | Create | Villager (Male) |
| 8:45 | Create | Villager (Male) |
| 9:04 | Create | Villager (Male) |
| 9:17 | Build | Palisade Wall |
| 9:33 | Create | Villager (Male) |
| 9:52 | Build | Palisade Wall |
| 9:54 | Create | Villager (Male) |
| 9:58 | Build | Palisade Wall |
| 10:03 | Build | Palisade Wall |
| 10:20 | Build | Mill |
| 10:21 | Create | Villager (Male) |
| 10:32 | Build | House |
| 10:50 | Create | Villager (Male) |
| 10:55 | Build | Palisade Wall |
| 11:16 | Create | Villager (Male) |
| 11:36 | Build | House |
| 11:56 | Create | Villager (Male) |
| 12:05 | Create | Villager (Male) |
| 12:11 | Build | Palisade Wall |
| 12:38 | Create | Villager (Male) |
| 12:44 | Build | Mill |
| 13:00 | Build | Palisade Wall |
| 13:03 | Build | Palisade Wall |
| 13:08 | Create | Villager (Male) |
| 13:16 | Create | Villager (Male) |
| 13:16 | Create | Villager (Male) |
| 13:40 | Build | Lumber Camp |
| 13:54 | Create | Villager (Male) |
| 14:04 | Build | Palisade Wall |
| 14:08 | Build | House |
| 14:11 | Build | Palisade Wall |
| 14:15 | Research | Feudal Age |
| 14:16 | Research | Feudal Age |
| 14:54 | Build | Mining Camp |
| 15:17 | Build | Farm |
| 15:18 | Build | Farm |
| 15:20 | Build | Farm |
| 15:33 | Build | Mining Camp |
| 16:25 | Create | Villager (Male) |
| 16:39 | Create | Villager (Male) |
| 16:42 | Age | Feudal Age |
| 16:46 | Build | Market |
| 17:25 | Build | Blacksmith |
| 17:27 | Create | Villager (Male) |
| 17:58 | Research | Castle Age |
| 17:59 | Research | Castle Age |
| 18:30 | Build | Mining Camp |
| 18:33 | Research | Double-Bit Axe |
| 18:33 | Research | Double-Bit Axe |
| 18:42 | Research | Stone Mining |
| 18:42 | Research | Stone Mining |
| 18:52 | Research | Gold Mining |
| 19:18 | Research | Horse Collar |
| 19:19 | Research | Horse Collar |
| 19:34 | Create | Villager (Male) |
| 20:23 | Build | Palisade Wall |
| 20:34 | Build | Outpost |
| 20:38 | Age | Castle Age |
| 20:55 | Build | Town Center |
| 20:57 | Create | Villager (Male) |
| 21:27 | Build | Castle |
| 21:31 | Create | Villager (Male) |
| 21:43 | Build | Palisade Wall |
| 21:47 | Create | Villager (Male) |
| 21:50 | Research | Scale Mail Armor |
| 21:51 | Research | Forging |
| 22:04 | Build | Town Center |
| 22:12 | Build | Town Center |
| 22:15 | Create | Villager (Male) |
| 22:29 | Build | House |
| 22:36 | Create | Villager (Male) |
| 22:37 | Create | Villager (Male) |
| 22:37 | Create | Villager (Male) |
| 23:03 | Build | Mining Camp |
| 23:06 | Create | Ghulam |
| 23:06 | Create | Ghulam |
| 23:11 | Create | Villager (Male) |
| 23:11 | Create | Villager (Male) |
| 23:25 | Create | Ghulam |
| 23:25 | Create | Ghulam |
| 23:26 | Create | Ghulam |
| 23:26 | Create | Ghulam |
| 23:40 | Create | Villager (Male) |
| 23:54 | Create | Villager (Male) |
| 24:00 | Create | Ghulam |
| 24:00 | Create | Ghulam |
| 24:00 | Create | Ghulam |
| 24:12 | Create | Villager (Male) |
| 24:19 | Create | Ghulam |
| 24:20 | Create | Ghulam |
| 24:20 | Create | Ghulam |
| 24:20 | Create | Ghulam |
| 24:20 | Create | Ghulam |
| 24:26 | Build | Farm |
| 24:47 | Create | Villager (Male) |
| 24:47 | Create | Villager (Male) |
| 24:47 | Create | Villager (Male) |
| 24:52 | Build | Farm |
| 24:53 | Build | Farm |
| 24:58 | Build | Outpost |
| 25:01 | Create | Ghulam |
| 25:01 | Create | Ghulam |
| 25:15 | Create | Ghulam |
| 25:15 | Create | Ghulam |
| 25:15 | Create | Ghulam |
| 25:21 | Create | Villager (Male) |
| 25:21 | Create | Villager (Male) |
| 25:21 | Create | Villager (Male) |
| 25:21 | Create | Villager (Male) |
| 25:21 | Create | Villager (Male) |
| 25:27 | Build | Outpost |
| 25:39 | Build | Farm |
| 25:44 | Build | Farm |
| 25:45 | Create | Ghulam |
| 25:45 | Create | Ghulam |
| 25:46 | Create | Ghulam |
| 26:04 | Build | Farm |
| 26:16 | Research | Chain Mail Armor |
| 26:16 | Research | Chain Mail Armor |
| 26:35 | Build | Castle |
| 26:39 | Create | Ghulam |
| 26:40 | Create | Ghulam |
Match timeline
| 1:31 | J_ · wall_segment Palisade Wall x1 |
| 1:43 | ahmedalisahito688 · wall_segment Palisade Wall x1 |
| 1:47 | ahmedalisahito688 · wall_segment Palisade Wall x1 |
| 1:49 | ahmedalisahito688 · wall_segment Palisade Wall x1 |
| 1:50 | ahmedalisahito688 · wall_segment Palisade Wall x1 |
| 4:17 | Ice Man · wall_segment Palisade Wall x1 |
| 4:20 | Ice Man · wall_segment Palisade Wall x1 |
| 4:28 | Ice Man · wall_segment Palisade Wall x1 |
| 4:32 | Ice Man · wall_segment Palisade Wall x1 |
| 4:36 | Ice Man · wall_segment Palisade Wall x1 |
| 4:44 | Ice Man · wall_segment Palisade Wall x1 |
| 4:46 | Ice Man · wall_segment Palisade Wall x1 |
| 4:49 | Ice Man · wall_segment Palisade Wall x1 |
| 4:59 | Ice Man · wall_segment Palisade Wall x1 |
| 7:51 | ahmedalisahito688 · wall_segment Palisade Wall x5 |
| 9:17 | ahmedalisahito688 · wall_segment Palisade Wall x1 |
| 9:23 | Bro Creation · wall_segment Palisade Wall x1 |
| 9:23 | Bro Creation · wall_segment Palisade Wall x1 |
| 9:52 | ahmedalisahito688 · wall_segment Palisade Wall x3 |
| 9:58 | ahmedalisahito688 · wall_segment Palisade Wall x4 |
| 10:03 | ahmedalisahito688 · wall_segment Palisade Wall x1 |
| 10:55 | ahmedalisahito688 · wall_segment Palisade Wall x3 |
| 10:57 | Yololo · wall_segment Palisade Wall x5 |
| 11:23 | Yololo · wall_segment Palisade Wall x7 |
| 11:24 | JuTT · wall_segment Palisade Wall x6 |
| 12:11 | ahmedalisahito688 · wall_segment Palisade Wall x6 |
| 12:39 | JuTT · wall_segment Palisade Wall x9 |
| 12:41 | Oxygen · age_up feudal |
| 12:46 | JuTT · wall_segment Palisade Wall x2 |
| 12:58 | [ISI] Faisal · wall_segment Palisade Wall x4 |
| 13:00 | ahmedalisahito688 · wall_segment Palisade Wall x6 |
| 13:03 | ahmedalisahito688 · wall_segment Palisade Wall x2 |
| 13:26 | [ISI] Faisal · wall_segment Palisade Wall x2 |
| 13:33 | JuTT · first_building Barracks |
| 13:37 | Yololo · first_building Barracks |
| 13:45 | Bro Creation · first_building Barracks |
| 13:46 | [ISI] Faisal · first_building Barracks |
| 14:04 | ahmedalisahito688 · wall_segment Palisade Wall x6 |
| 14:10 | JuTT · wall_segment Palisade Wall x9 |
| 14:11 | ahmedalisahito688 · wall_segment Palisade Wall x1 |
| 15:00 | [ISI] Faisal · age_up feudal |
| 15:05 | [ISI] Faisal · first_building Stable |
| 15:07 | Yololo · age_up feudal |
| 15:15 | Yololo · first_building Archery Range |
| 15:22 | JuTT · age_up feudal |
| 15:26 | [ISI] Faisal · wall_segment Palisade Wall x1 |
| 15:32 | Bro Creation · age_up feudal |
| 15:35 | Bro Creation · first_building Archery Range |
| 15:38 | Ice Man · age_up feudal |
| 15:42 | J_ · age_up feudal |
| 15:55 | JuTT · first_building Stable |
| 16:23 | Yololo · wall_segment Palisade Wall x1 |
| 16:36 | Ice Man · first_market_sell 500 wood |
| 16:37 | Bro Creation · wall_segment Palisade Wall x1 |
| 16:38 | Ice Man · first_market_buy 100 food |
| 16:41 | Bro Creation · wall_segment Palisade Wall x11 |
| 16:42 | ahmedalisahito688 · age_up feudal |
| 16:49 | Oxygen · age_up castle |
| 16:59 | Yololo · wall_segment Palisade Wall x11 |
| 17:00 | Yololo · wall_segment Palisade Wall x2 |
| 17:07 | Ice Man · wall_segment Palisade Wall x8 |
| 17:24 | Ice Man · wall_segment Stone Wall x4 |
| 17:32 | Bro Creation · wall_segment Palisade Wall x5 |
| 17:33 | Ice Man · wall_segment Stone Wall x7 |
| 17:41 | Oxygen · first_market_buy 100 wood |
| 17:43 | Bro Creation · wall_segment Palisade Wall x7 |
| 17:52 | Bro Creation · wall_segment Palisade Wall x5 |
| 17:54 | Bro Creation · wall_segment Palisade Wall x1 |
| 18:05 | Ice Man · wall_segment Stone Wall x3 |
| 18:06 | J_ · age_up castle |
| 18:07 | Ice Man · wall_segment Stone Wall x6 |
| 18:16 | J_ · first_building Castle |
| 18:55 | [ISI] Faisal · age_up castle |
| 19:05 | Yololo · wall_segment Palisade Wall x1 |
| 19:26 | J_ · first_market_buy 100 food |
| 19:27 | Yololo · age_up castle |
| 19:29 | Bro Creation · age_up castle |
| 19:32 | Bro Creation · first_building Monastery |
| 19:54 | Ice Man · age_up castle |
| 19:58 | Ice Man · first_building Castle |
| 20:06 | J_ · first_building Siege Workshop |
| 20:23 | ahmedalisahito688 · wall_segment Palisade Wall x1 |
| 20:24 | JuTT · age_up castle |
| 20:28 | Bro Creation · wall_segment Palisade Wall x1 |
| 20:38 | ahmedalisahito688 · age_up castle |
| 20:57 | J_ · first_building Barracks |
| 21:04 | ahmedalisahito688 · first_market_buy 100 stone |
| 21:27 | ahmedalisahito688 · first_building Castle |
| 21:43 | ahmedalisahito688 · wall_segment Palisade Wall x1 |
| 21:58 | ahmedalisahito688 · first_market_sell 100 wood |
| 22:06 | JuTT · first_building Siege Workshop |
| 22:29 | Oxygen · first_building Barracks |
| 22:58 | Ice Man · wall_segment Palisade Wall x1 |
| 22:59 | Ice Man · wall_segment Palisade Wall x1 |
| 23:00 | Ice Man · wall_segment Palisade Wall x1 |
| 23:02 | Ice Man · wall_segment Palisade Wall x1 |
| 23:14 | Yololo · first_building Siege Workshop |
| 23:14 | Oxygen · first_building Krepost |
| 23:19 | J_ · first_market_sell 100 wood |
| 25:44 | Oxygen · first_market_sell 100 wood |
| 25:52 | Oxygen · first_building Monastery |
| 26:15 | Oxygen · first_building Stable |
| 26:42 | Yololo · first_market_buy 100 wood |
| 27:11 | [ISI] Faisal · wall_segment Stone Wall x7 |
| 29:25 | [ISI] Faisal · first_building Castle |
| 30:02 | Yololo · wall_segment Stone Wall x6 |
| 30:04 | Yololo · wall_segment Stone Wall x8 |
| 30:17 | Yololo · wall_segment Stone Wall x5 |
| 30:19 | J_ · first_building Monastery |
| 30:46 | Oxygen · first_building Castle |
| 31:06 | JuTT · wall_segment Palisade Wall x1 |
| 31:21 | Yololo · wall_segment Stone Wall x4 |
| 31:47 | Yololo · wall_segment Stone Wall x1 |
| 31:52 | Yololo · wall_segment Stone Wall x4 |
| 32:06 | ahmedalisahito688 · first_building Siege Workshop |
| 32:40 | Yololo · wall_segment Stone Wall x1 |
| 33:27 | Bro Creation · first_building Castle |
| 34:48 | Ice Man · wall_segment Stone Wall x4 |
| 34:49 | [ISI] Faisal · first_market_buy 100 stone |
| 34:51 | Ice Man · wall_segment Stone Wall x6 |
| 34:52 | Ice Man · wall_segment Stone Wall x4 |
| 34:53 | [ISI] Faisal · first_market_sell 100 food |
| 35:37 | Yololo · wall_segment Stone Wall x2 |
| 36:06 | Yololo · wall_segment Stone Wall x1 |
| 36:17 | ahmedalisahito688 · wall_segment Stone Wall x7 |
| 36:23 | ahmedalisahito688 · wall_segment Stone Wall x5 |
| 36:31 | ahmedalisahito688 · wall_segment Stone Wall x7 |
| 36:33 | ahmedalisahito688 · wall_segment Stone Wall x2 |
| 37:01 | JuTT · first_market_buy 100 stone |
| 37:06 | Ice Man · first_building Siege Workshop |
| 37:18 | Ice Man · age_up imperial |
| 37:35 | [ISI] Faisal · age_up imperial |
| 38:32 | ahmedalisahito688 · wall_segment Stone Wall x5 |
| 38:57 | Yololo · first_building Monastery |
| 39:06 | Bro Creation · age_up imperial |
| 39:12 | ahmedalisahito688 · wall_segment Stone Wall x4 |
| 39:12 | Bro Creation · first_market_sell 100 wood |
| 39:15 | ahmedalisahito688 · wall_segment Stone Wall x4 |
| 39:29 | Yololo · first_market_sell 100 food |
| 39:38 | Yololo · first_building Castle |
| 39:52 | Oxygen · age_up imperial |
| 40:08 | JuTT · first_market_sell 100 food |
| 40:21 | ahmedalisahito688 · wall_segment Stone Wall x4 |
| 40:32 | Ice Man · first_building Barracks |
| 40:57 | Yololo · wall_segment Stone Wall x1 |
| 41:13 | Yololo · wall_segment Stone Wall x1 |
| 41:16 | Yololo · wall_segment Palisade Wall x1 |
| 42:19 | Bro Creation · tribute_sent a jugador 1 |
| 42:19 | Bro Creation · tribute_sent a jugador 2 |
| 42:19 | Bro Creation · tribute_sent a jugador 3 |
| 42:19 | Bro Creation · tribute_sent a jugador 4 |
| 42:19 | Bro Creation · tribute_sent a jugador 5 |
| 42:19 | Bro Creation · tribute_sent a jugador 7 |
| 42:19 | Bro Creation · tribute_sent a jugador 8 |
| 42:21 | J_ · first_building Archery Range |
| 42:39 | Bro Creation · first_market_buy 100 wood |
| 43:36 | J_ · age_up imperial |
| 43:52 | JuTT · age_up imperial |
| 44:07 | ahmedalisahito688 · first_building Barracks |
| 44:07 | [ISI] Faisal · first_building Archery Range |
| 44:41 | Ice Man · wall_segment Stone Wall x6 |
| 44:58 | Yololo · age_up imperial |
| 45:01 | ahmedalisahito688 · first_building Stable |
| 45:08 | Ice Man · wall_segment Stone Wall x4 |
| 45:34 | Ice Man · wall_segment Stone Wall x5 |
| 45:40 | Ice Man · wall_segment Stone Wall x1 |
| 45:47 | Ice Man · wall_segment Stone Wall x7 |
| 45:56 | ahmedalisahito688 · first_building Archery Range |
| 46:29 | ahmedalisahito688 · age_up imperial |
| 47:20 | JuTT · first_building Castle |
| 47:46 | Ice Man · wall_segment Stone Wall x1 |
| 48:06 | Ice Man · wall_segment Stone Wall x1 |
| 49:42 | Bro Creation · tribute_sent a jugador 1 |
| 49:42 | Bro Creation · tribute_sent a jugador 2 |
| 49:42 | Bro Creation · tribute_sent a jugador 3 |
| 49:42 | Bro Creation · tribute_sent a jugador 4 |
| 49:42 | Bro Creation · tribute_sent a jugador 5 |
| 49:42 | Bro Creation · tribute_sent a jugador 7 |
| 49:42 | Bro Creation · tribute_sent a jugador 8 |
| 51:13 | Oxygen · tribute_sent a jugador 1 |
| 51:13 | Oxygen · tribute_sent a jugador 2 |
| 51:13 | Oxygen · tribute_sent a jugador 4 |
| 51:13 | Oxygen · tribute_sent a jugador 5 |
| 51:13 | Oxygen · tribute_sent a jugador 6 |
| 51:13 | Oxygen · tribute_sent a jugador 7 |
| 51:13 | Oxygen · tribute_sent a jugador 8 |
| 52:29 | Bro Creation · resign |
| 52:34 | J_ · first_building Stable |
| 52:56 | J_ · wall_segment Stone Wall x1 |
| 53:07 | Oxygen · tribute_sent a jugador 1 |
| 53:07 | Oxygen · tribute_sent a jugador 2 |
| 53:07 | Oxygen · tribute_sent a jugador 4 |
| 53:07 | Oxygen · tribute_sent a jugador 5 |
| 53:07 | Oxygen · tribute_sent a jugador 6 |
| 53:07 | Oxygen · tribute_sent a jugador 7 |
| 53:07 | Oxygen · tribute_sent a jugador 8 |
| 53:47 | Ice Man · first_building Archery Range |
| 53:53 | Oxygen · tribute_sent a jugador 1 |
| 53:53 | Oxygen · tribute_sent a jugador 2 |
| 53:53 | Oxygen · tribute_sent a jugador 4 |
| 53:53 | Oxygen · tribute_sent a jugador 5 |
| 53:53 | Oxygen · tribute_sent a jugador 6 |
| 53:53 | Oxygen · tribute_sent a jugador 7 |
| 53:53 | Oxygen · tribute_sent a jugador 8 |
[ AI ANALYSIS · 1 CREDIT ]
What really happened in this match?
Wolo.gg analyzes every decision: build order, eco, micro, common mistakes by bracket. Personalized analysis on WhatsApp or Discord in 30 seconds.
Civ guide
Slavs
Perfil
Jugador #5945089